NYP
CINCINNATI (NYP) REDS @ WILLIAMSPORT CROSSCUTTERS
04/10/2048
 
TOP OF THE 1ST
Cincinnati (NYP) Reds batting - Pitching for Williamsport Crosscutters : RHP Bobby Mauk
Pitching: RHP Bobby Mauk
Batting: RHB Randy Grewe 0-0: Ball
1-0: SINGLE (Line Drive, 78S, EV 109.4 MPH)
Batting: RHB Tim Walter 0-0: Ball
1-0: Called Strike
Randy Grewe steals 2nd base (no throw)
1-1: Ground out 5-3 (Groundball, 56, EV 102.5 MPH)
Batting: RHB David Clough 0-0: Ball
Passed Ball!
Randy Grewe to third
1-0: Ball
2-0: Ground out 6-3 (Groundball, 6, EV 103.8 MPH)
Randy Grewe scores
Batting: LHB Brian Dickeson 0-0: Called Strike
0-1: Called Strike
0-2: Ball
1-2: Ball
2-2: Ball
3-2: SINGLE (Groundball, 4D, EV 105.0 MPH)
Batting: RHB Ben Hinman 0-0: Called Strike
0-1: Called Strike
Brian Dickeson steals 2nd base
0-2: Ball
1-2: Foul Ball, location: 2F
1-2: Ball
2-2: Ball
3-2: SINGLE (Groundball, 34D, EV 99.4 MPH)
Brian Dickeson to third
Runner from 3rd tries for Home, SAFE, throw by RF to home
Batting: LHB Jason Pirkle 0-0: Ball
1-0: Foul Ball, location: 2F
1-1: Ground out 5-3 (Groundball, 56S, EV 68.8 MPH)
Top of the 1st over - 2 runs, 3 hits, 0 errors, 1 left on base; Cincinnati (NYP) 2 - Williamsport 0
BOTTOM OF THE 1ST
Williamsport Crosscutters batting - Pitching for Cincinnati (NYP) Reds : LHP Jeff Wall
Pitching: LHP Jeff Wall
Batting: RHB Jason Ostrom 0-0: Ball
1-0: Ground out 5-3 (Groundball, 5, EV 88.1 MPH)
Batting: RHB Xavier Castellanos 0-0: Ball
1-0: Called Strike
1-1: Ball
2-1: Foul Ball, location: 2F
2-2: Foul Ball, location: 2F
2-2: Foul Ball, location: 2F
2-2: Ball
3-2: Foul Ball, location: 2F
3-2: Base on Balls
Batting: RHB John Parra 0-0: Ball
1-0: DOUBLE (Flyball, 8LXD, EV 92.5 MPH)
Xavier Castellanos to third
Runner from 3rd tries for Home, SAFE, throw by CF to home
Batting: RHB John Manocchio 0-0: Called Strike
0-1: Called Strike
0-2: Ball
1-2: Ball
2-2: Foul Ball, location: 2F
2-2: SINGLE (Groundball, 34D, EV 93.8 MPH)
John Parra to third
Runner from 3rd tries for Home, SAFE, throw by RF to home
Batting: RHB Shintaro Katsumata 0-0: Called Strike
0-1: Ball
1-1: Called Strike
1-2: Strikes out swinging
Batting: LHB Chris Moody 0-0: Ball
1-0: 2-RUN HOME RUN (Flyball, 9D, EV 96.9 MPH), Distance : 382 ft
Batting: RHB Nick Cottrell 0-0: Ball
1-0: Foul Ball, location: 2F
1-1: SINGLE (Groundball, 4M, EV 107.5 MPH) (infield hit)
Batting: RHB Salvador Avina 0-0: Called Strike
0-1: Ball
1-1: SINGLE (Groundball, 6MD, EV 106.2 MPH)
Nick Cottrell to second
Runner from 2nd tries for 3rd, SAFE, throw by CF made to third
Batting: RHB Bill Williams 0-0: Called Strike
0-1: Ball
1-1: Called Strike
1-2: Ball
2-2: Strikes out swinging
Bottom of the 1st over - 4 runs, 5 hits, 0 errors, 2 left on base; Cincinnati (NYP) 2 - Williamsport 4
TOP OF THE 2ND
Cincinnati (NYP) Reds batting - Pitching for Williamsport Crosscutters : RHP Bobby Mauk
Batting: RHB R.J. Romberg 0-0: Called Strike
0-1: Ball
1-1: Swinging Strike
1-2: Ball
2-2: Ground out 4-3 (Groundball, 4M, EV 91.9 MPH)
Batting: RHB Cyd Carver 0-0: Called Strike
0-1: DOUBLE (Line Drive, 9LS, EV 108.8 MPH)
Batting: LHB Akira Yamano 0-0: Ball
1-0: Foul Ball, location: 2F
1-1: Ball
2-1: Ball
3-1: Ground out U3 (Groundball, 3, EV 89.4 MPH)
Cyd Carver to third
Batting: RHB Randy Grewe 0-0: Ball
1-0: Ball
Wild Pitch!
Cyd Carver scores
2-0: Ball
3-0: Called Strike
3-1: Foul Ball, location: 2F
3-2: Strikes out looking
Top of the 2nd over - 1 run, 1 hit, 0 errors, 0 left on base; Cincinnati (NYP) 3 - Williamsport 4
BOTTOM OF THE 2ND
Williamsport Crosscutters batting - Pitching for Cincinnati (NYP) Reds : LHP Jeff Wall
Batting: RHB Jason Ostrom 0-0: SINGLE (Groundball, 5S, EV 70.6 MPH) (infield hit)
Batting: RHB Xavier Castellanos 0-0: Ball
Jason Ostrom is caught stealing 2nd base 2-4
1-0: Foul Ball, location: 2F
1-1: Called Strike
1-2: Ball
2-2: Ball
3-2: Base on Balls
Batting: RHB John Parra 0-0: Ball
1-0: 2-RUN HOME RUN (Flyball, 8RXD, EV 104.4 MPH), Distance : 433 ft
Batting: RHB John Manocchio 0-0: Ball
1-0: Called Strike
1-1: Called Strike
1-2: SOLO HOME RUN (Line Drive, 7D, EV 97.5 MPH), Distance : 375 ft
Pitching: RHP Danny Felan
Batting: RHB Shintaro Katsumata 0-0: DOUBLE (Line Drive, 9LD, EV 106.9 MPH)
Batting: LHB Chris Moody 0-0: Foul Ball, location: 2F
0-1: Foul Ball, location: 2F
0-2: Strikes out swinging
Batting: RHB Nick Cottrell 0-0: Fly out, F3 (Popup, 23F, EV 83.1 MPH)
Bottom of the 2nd over - 3 runs, 4 hits, 0 errors, 1 left on base; Cincinnati (NYP) 3 - Williamsport 7
TOP OF THE 3RD
Cincinnati (NYP) Reds batting - Pitching for Williamsport Crosscutters : RHP Bobby Mauk
Batting: RHB Tim Walter 0-0: Called Strike
0-1: Ball
1-1: Ground out 5-3 (Groundball, 56, EV 99.4 MPH)
Batting: RHB David Clough 0-0: Foul Ball, location: 2F
0-1: Called Strike
0-2: Ground out U3 (Groundball, 3L, EV 107.5 MPH)
Batting: LHB Brian Dickeson 0-0: SOLO HOME RUN (Flyball, 9D, EV 99.4 MPH), Distance : 397 ft
Batting: RHB Ben Hinman 0-0: Fly out, F8 (Line Drive, 89D, EV 100.0 MPH)
Top of the 3rd over - 1 run, 1 hit, 0 errors, 0 left on base; Cincinnati (NYP) 4 - Williamsport 7
BOTTOM OF THE 3RD
Williamsport Crosscutters batting - Pitching for Cincinnati (NYP) Reds : RHP Danny Felan
Batting: RHB Salvador Avina 0-0: Ball
1-0: Called Strike
1-1: Foul Ball, location: 2F
1-2: Foul Ball, location: 2F
1-2: Foul Ball, location: 2F
1-2: Strikes out swinging
Batting: RHB Bill Williams 0-0: Foul Ball, location: 2F
0-1: Ball
1-1: Ball
2-1: Foul Ball, location: 2F
2-2: Strikes out looking
Batting: RHB Jason Ostrom 0-0: Ball
1-0: Swinging Strike
1-1: SINGLE (Groundball, 6MD, EV 105.6 MPH)
Batting: RHB Xavier Castellanos 0-0: Called Strike
0-1: Hit by Pitch
Jason Ostrom to second
Batting: RHB John Parra 0-0: Called Strike
0-1: Called Strike
0-2: Strikes out swinging
Bottom of the 3rd over - 0 runs, 1 hit, 0 errors, 2 left on base; Cincinnati (NYP) 4 - Williamsport 7
TOP OF THE 4TH
Cincinnati (NYP) Reds batting - Pitching for Williamsport Crosscutters : RHP Bobby Mauk
Batting: LHB Jason Pirkle 0-0: Ball
1-0: Ball
2-0: Ground out U3 (Groundball, 23, EV 91.2 MPH)
Batting: RHB R.J. Romberg 0-0: Ball
1-0: Called Strike
1-1: Ball
2-1: Called Strike
2-2: Foul Ball, location: 2F
2-2: Ball
3-2: Reached on error, E5 (Groundball, 5, EV 96.2 MPH)
Batting: RHB Cyd Carver 0-0: Fly out, F8 (Line Drive, 8RD, EV 83.8 MPH)
Batting: LHB Akira Yamano 0-0: Called Strike
0-1: Swinging Strike
0-2: Strikes out looking
Top of the 4th over - 0 runs, 0 hits, 1 error, 1 left on base; Cincinnati (NYP) 4 - Williamsport 7
BOTTOM OF THE 4TH
Williamsport Crosscutters batting - Pitching for Cincinnati (NYP) Reds : RHP Danny Felan
Batting: RHB John Manocchio 0-0: Ball
1-0: Foul Ball, location: 2F
1-1: Foul Ball, location: 2F
1-2: SINGLE (Groundball, 56D, EV 102.5 MPH) (infield hit)
Batting: RHB Shintaro Katsumata 0-0: Reached on error, E4 (Groundball, 4, EV 83.8 MPH)
John Manocchio to second
Batting: LHB Chris Moody 0-0: Foul Ball, location: 2F
0-1: Fly out, F8 (Flyball, 8RD, EV 98.8 MPH)
Batting: RHB Nick Cottrell 0-0: Ball
1-0: Called Strike
1-1: Foul Ball, location: 2F
1-2: Fly out, F8 (Flyball, 78M, EV 93.1 MPH)
Batting: RHB Salvador Avina 0-0: Hit by Pitch
John Manocchio to third
Shintaro Katsumata to second
Batting: RHB Bill Williams 0-0: Ball
1-0: Called Strike
1-1: Swinging Strike
1-2: Strikes out swinging
Bottom of the 4th over - 0 runs, 1 hit, 1 error, 3 left on base; Cincinnati (NYP) 4 - Williamsport 7
TOP OF THE 5TH
Cincinnati (NYP) Reds batting - Pitching for Williamsport Crosscutters : RHP Bobby Mauk
Batting: RHB Randy Grewe 0-0: Ball
1-0: Called Strike
1-1: Fly out, F7 (Line Drive, 78D, EV 87.5 MPH)
Batting: RHB Tim Walter 0-0: Ball
1-0: Called Strike
1-1: Fly out, F6 (Line Drive, 6, EV 61.9 MPH)
Batting: RHB David Clough 0-0: Ball
1-0: Ball
2-0: Called Strike
2-1: Foul Ball, location: 2F
2-2: Ball
3-2: Foul Ball, location: 2F
3-2: Ground out 5-3 (Groundball, 56, EV 87.5 MPH)
Top of the 5th over - 0 runs, 0 hits, 0 errors, 0 left on base; Cincinnati (NYP) 4 - Williamsport 7
BOTTOM OF THE 5TH
Williamsport Crosscutters batting - Pitching for Cincinnati (NYP) Reds : RHP Danny Felan
Batting: RHB Jason Ostrom 0-0: Swinging Strike
0-1: Swinging Strike
0-2: Strikes out swinging
Batting: RHB Xavier Castellanos 0-0: Foul Ball, location: 2F
0-1: Foul Ball, location: 2F
0-2: Hit by Pitch
Batting: RHB John Parra 0-0: Called Strike
Xavier Castellanos steals 2nd base
0-1: Foul Ball, location: 2F
0-2: Ball
1-2: Ball
2-2: Ball
3-2: Base on Balls
Batting: RHB John Manocchio 0-0: Called Strike
Xavier Castellanos steals 3rd base
John Parra to second
0-1: Foul Ball, location: 2F
0-2: Ball
1-2: Foul Ball, location: 2F
1-2: Ball
2-2: Strikes out swinging
Pitching: RHP Jaime Kijowski
Batting: RHB Shintaro Katsumata 0-0: Ball
1-0: Ball
2-0: Called Strike
2-1: Swinging Strike
2-2: Ball
3-2: Base on Balls
Batting: LHB Chris Moody 0-0: Ball
1-0: Called Strike
1-1: Ball
2-1: Foul Ball, location: 2F
2-2: Strikes out swinging
Bottom of the 5th over - 0 runs, 0 hits, 0 errors, 3 left on base; Cincinnati (NYP) 4 - Williamsport 7
TOP OF THE 6TH
Cincinnati (NYP) Reds batting - Pitching for Williamsport Crosscutters : RHP Bobby Mauk
Batting: LHB Brian Dickeson 0-0: Called Strike
0-1: Called Strike
0-2: Strikes out swinging
Batting: RHB Ben Hinman 0-0: SINGLE (Flyball, 34D, EV 84.4 MPH) - OUT at second base trying to stretch hit.
Batting: LHB Jason Pirkle 0-0: Called Strike
0-1: Called Strike
0-2: Strikes out swinging
Top of the 6th over - 0 runs, 1 hit, 0 errors, 0 left on base; Cincinnati (NYP) 4 - Williamsport 7
BOTTOM OF THE 6TH
Williamsport Crosscutters batting - Pitching for Cincinnati (NYP) Reds : RHP Jaime Kijowski
Batting: RHB Nick Cottrell 0-0: Swinging Strike
0-1: Fly out, F7 (Line Drive, 7, EV 100.6 MPH)
Batting: RHB Salvador Avina 0-0: Foul Ball, location: 2F
0-1: Ball
1-1: Called Strike
1-2: Strikes out swinging
Batting: RHB Bill Williams 0-0: Ball
1-0: Called Strike
1-1: Ball
2-1: Ball
3-1: SINGLE (Line Drive, 8RS, EV 94.4 MPH)
Batting: RHB Jason Ostrom 0-0: Called Strike
0-1: Hit by Pitch
Bill Williams to second
Batting: RHB Xavier Castellanos 0-0: Called Strike
0-1: Ball
1-1: Ball
2-1: Foul Ball, location: 2F
2-2: Ball
3-2: Ground out 6-3 (Groundball, 6, EV 106.2 MPH)
Bottom of the 6th over - 0 runs, 1 hit, 0 errors, 2 left on base; Cincinnati (NYP) 4 - Williamsport 7
TOP OF THE 7TH
Cincinnati (NYP) Reds batting - Pitching for Williamsport Crosscutters : RHP Bobby Mauk
Batting: RHB R.J. Romberg 0-0: Ball
1-0: Called Strike
1-1: Ball
2-1: Foul Ball, location: 2F
2-2: Ball
3-2: Foul Ball, location: 2F
3-2: SINGLE (Groundball, 6MD, EV 93.8 MPH)
Pitching: RHP Si-dao Xia
Batting: RHB Cyd Carver 0-0: Swinging Strike
0-1: SINGLE (Groundball, 4MD, EV 101.2 MPH)
R.J. Romberg to second
Runner from 2nd tries for 3rd, SAFE, throw by CF made to third
Batting: LHB Akira Yamano 0-0: Ball
Cyd Carver is caught stealing 2nd base 2-6
1-0: Foul Ball, location: 2F
1-1: Ground out 6-3 (Groundball, 4M, EV 90.0 MPH)
R.J. Romberg scores
Batting: RHB Randy Grewe 0-0: Ball
1-0: Called Strike
1-1: Swinging Strike
1-2: Foul Ball, location: 2F
1-2: Strikes out swinging
Top of the 7th over - 1 run, 2 hits, 0 errors, 0 left on base; Cincinnati (NYP) 5 - Williamsport 7
BOTTOM OF THE 7TH
Williamsport Crosscutters batting - Pitching for Cincinnati (NYP) Reds : RHP Jaime Kijowski
Batting: RHB John Parra 0-0: Swinging Strike
0-1: Ball
1-1: Ball
2-1: Swinging Strike
2-2: Strikes out swinging
Batting: RHB John Manocchio 0-0: Ball
1-0: SOLO HOME RUN (Flyball, 7D, EV 96.2 MPH), Distance : 366 ft
Batting: RHB Shintaro Katsumata 0-0: Called Strike
0-1: Ball
1-1: Foul Ball, location: 2F
1-2: SINGLE (Flyball, 6MD, EV 85.6 MPH)
Pitching: LHP Brad Harris
Batting: LHB Chris Moody 0-0: Called Strike
0-1: Called Strike
0-2: Strikes out swinging
Shintaro Katsumata steals 2nd base
Batter strikes out.
Batting: RHB Nick Cottrell 0-0: Called Strike
0-1: Ball
Wild Pitch!
Shintaro Katsumata to third
1-1: Called Strike
1-2: Foul Ball, location: 2F
1-2: Foul Ball, location: 2F
1-2: Foul Ball, location: 2F
1-2: Ground out 5-3 (Groundball, 56S, EV 83.8 MPH)
Bottom of the 7th over - 1 run, 2 hits, 0 errors, 1 left on base; Cincinnati (NYP) 5 - Williamsport 8
TOP OF THE 8TH
Cincinnati (NYP) Reds batting - Pitching for Williamsport Crosscutters : RHP Si-dao Xia
Batting: RHB Tim Walter 0-0: Called Strike
0-1: DOUBLE (Line Drive, 89D, EV 99.4 MPH)
Batting: RHB David Clough 0-0: Called Strike
0-1: Called Strike
0-2: Ball
1-2: Ball
2-2: Ball
3-2: Fly out, F6 (Popup, 6D, EV 64.4 MPH)
Batting: LHB Brian Dickeson 0-0: Swinging Strike
0-1: Foul Ball, location: 2F
0-2: Ball
1-2: Strikes out swinging
Pinch Hitting: LHB Matthew Berry 0-0: Ball
1-0: Ball
2-0: Called Strike
2-1: Called Strike
2-2: Ball
3-2: Foul Ball, location: 2F
3-2: Fly out, F8 (Flyball, 89D, EV 101.2 MPH)
Top of the 8th over - 0 runs, 1 hit, 0 errors, 1 left on base; Cincinnati (NYP) 5 - Williamsport 8
BOTTOM OF THE 8TH
Williamsport Crosscutters batting - Pitching for Cincinnati (NYP) Reds : LHP Brad Harris
Now at 1B: Matthew Berry
Batting: RHB Salvador Avina 0-0: Foul Ball, location: 2F
0-1: DOUBLE (Line Drive, 89D, EV 101.9 MPH)
Batting: RHB Bill Williams 0-0: Swinging Strike
0-1: Ball
1-1: Swinging Strike
1-2: Ball
2-2: Ball
3-2: Strikes out looking
Batting: RHB Jason Ostrom 0-0: Called Strike
0-1: Ball
1-1: Called Strike
1-2: Ball
2-2: Ball
3-2: Foul Ball, location: 2F
3-2: Ground out 5-3 (Groundball, 56, EV 76.9 MPH)
Batting: RHB Xavier Castellanos 0-0: Called Strike
0-1: Ball
1-1: Foul Ball, location: 2F
1-2: Strikes out swinging
Bottom of the 8th over - 0 runs, 1 hit, 0 errors, 1 left on base; Cincinnati (NYP) 5 - Williamsport 8
TOP OF THE 9TH
Cincinnati (NYP) Reds batting - Pitching for Williamsport Crosscutters : RHP Si-dao Xia
Pitching: RHP Lance Brisson
Batting: LHB Jason Pirkle 0-0: Called Strike
0-1: Ball
1-1: Called Strike
1-2: Ball
2-2: Foul Ball, location: 2F
2-2: Ball
3-2: Foul Ball, location: 2F
3-2: Foul Ball, location: 2F
3-2: Base on Balls
Pinch Hitting: SHB Kristian Kristensen 0-0: Called Strike
0-1: Foul Ball, location: 2F
0-2: Ball
1-2: Strikes out looking
Pinch Hitting: SHB Tim Utz 0-0: Called Strike
0-1: Foul Ball, location: 2F
0-2: Fly out, F5 (Popup, 5SF, EV 69.4 MPH)
Batting: LHB Akira Yamano 0-0: Called Strike
0-1: Foul Ball, location: 2F
0-2: Ball
1-2: Strikes out swinging
Top of the 9th over - 0 runs, 0 hits, 0 errors, 1 left on base; Cincinnati (NYP) 5 - Williamsport 8
Tuesday, March 28th , 2023 - OOTP Baseball 23.10 Build 110